 Dungeon Crawl Stone Soup version 0.27-a0-1529-g1e82c303ef (webtiles) character file.

Game seed: 9606597283488117034

471 loralnil the Ruffian (level 6, -1/51 HPs)
             Began as a Draconian Transmuter on July 12, 2021.
             Slain by a jelly (3 damage)
             ... on level 3 of the Dungeon.
             The game lasted 00:05:07 (2995 turns).

loralnil the Ruffian (Draconian Transmuter)         Turns: 2995, Time: 00:05:07

Health: -1/51      AC:  6    Str: 13    XL:     6   Next: 83%
Magic:  5/11       EV: 12    Int: 14    God:
Gold:   97         SH:  0    Dex: 12    Spells: 5/11 levels left

rFire    . . .     SeeInvis .     - Unarmed
rCold    . . .     Faith    .   (no shield)
rNeg     . . .     Spirit   .   (armour unavailable)
rPois    .         Reflect  .   (helmet currently unavailable)
rElec    .         Harm     .   (no cloak)
rCorr    .         Rampage  .   (no gloves)
Will     .....                  (boots currently unavailable)
Stlth    +.........             (no amulet)
HPRegen  0.17/turn              e - +4 ring of protection
MPRegen  0.12/turn              (no ring)

@: appendages, corroded
A: horns 2, talons 2, AC +6, unfitting armour, cold-blooded
a: End Transformation


You were on level 3 of the Dungeon.
You had temporarily grown beastly horns and talons.
You visited 1 branch of the dungeon, and saw 5 of its levels.

You collected 97 gold pieces.

Inventory:

Jewellery
 e - a +4 ring of protection (left hand)
Wands
 k - a wand of iceblast (18)
Scrolls
 c - a scroll of enchant weapon {unknown}
 f - a scroll of magic mapping {unknown}
 g - 2 scrolls of identify {unknown}
 h - a scroll of teleportation
Potions
 a - a potion of lignification {unknown}
 b - 4 potions of curing {unknown}
 d - a potion of brilliance {unknown}
 i - a potion of resistance {unknown}
 j - a potion of haste


   Skills:
 + Level 3.6 Fighting
 + Level 3.3 Dodging
 + Level 4.3 Unarmed Combat
 + Level 3.4 Spellcasting
 + Level 3.6 Transmutations


You had 5 spell levels left.
You knew the following spells:

 Your Spells              Type           Power      Damage    Failure   Level
a - Beastly Appendage     Tmut           24%        N/A       4%          1
b - Wereblood             Tmut           12%        N/A       7%          2
c - Spider Form           Tmut/Pois      3%         N/A       28%         3

Your spell library contained the following spells:

 Spells                   Type           Power      Damage    Failure   Level
 Corona                   Hex            2%         N/A       21%         1
 Ensorcelled Hibernation  Hex/Ice        4%         N/A       30%         2
 Gell's Gravitas          Tloc           1%         N/A       52%         3
 Lesser Beckoning         Tloc           1%         N/A       52%         3
 Teleport Other           Tloc           2%         N/A       52%         3
 Tukima's Dance           Hex            2%         N/A       52%         3
 Ice Form                 Ice/Tmut       7%         N/A       67%         4


Dungeon Overview and Level Annotations

Branches:
Dungeon (5/15)
 Temple: D:4-7

Altars:
Ru


Innate Abilities, Weirdness & Mutations

You have temporarily grown beastly horns and talons.
Your plain brown scales are hard. (AC +6)
You cannot fit into any form of body armour.
You are cold-blooded and may be slowed by cold attacks.


Message History

The yak misses you.
You hit the yak.
The yak looks as sick as possible!
The yak is severely wounded.
The yak barely misses you.
You hit the yak.
The yak looks as sick as possible!
The yak is almost dead.
The yak gores you.
You hit the yak.
The yak looks as sick as possible!
The yak is almost dead.
The yak completely misses you.
You hit the yak but do no damage.
The yak looks as sick as possible!
The yak is almost dead.
The yak gores you!
* * * LOW HITPOINT WARNING * * *
You hit the yak.
You kill the yak!
Your transformation has ended.
A jelly comes into view.
Found a scroll of teleportation.
Found a stone staircase leading up.
The jelly quivers.
The jelly jiggles.
Found a stone staircase leading up.
The jelly hits you.
* * * LOW HITPOINT WARNING * * *
The acid corrodes you!
You are splashed with acid!
* * * LOW HITPOINT WARNING * * *
There is a stone staircase leading up here.
The jelly hits you but does no damage.
You climb upwards.
There is a stone staircase leading down here.
Casting: Spider Form (dangerous; 28% risk of failure)
Confirm with . or Enter, or press ? or * to list all spells.
You grow a pair of large bovine horns.
Your feet morph into talons.
The jelly closely misses you.
You hit the jelly.
Your hands burn!
* * * LOW HITPOINT WARNING * * *
You claw the jelly, but do no damage. You punch the jelly.
The jelly is moderately wounded.
The jelly hits you.
You die...

#.# #.#.#...........### #.#
#.#.#............§☼
#####.#####...)............§☼
#...........#.#######)####.°§
###.#.........#######.#######
#.#.#...................#
#.#..#.############.#####
#.##.#.############.#####
#.......##@.............#
####....##J####.###.#####
#....##.# #..##.#######
###.###.#####.##.#...... #.#
#.#............... #.#
#.#.####.#.#.#####
##.###..........#.#
#....###.#####.##.#####
#..........†...........


You could see a jelly.

Vanquished Creatures
  2 yaks (D:4)
  A hound zombie (D:5)
  A hound skeleton (D:3)
  3 gnolls (D:2)
  4 adders
  A shadow imp (D:3)
  A worm (D:2)
  2 dart slugs
  3 orcs (D:3)
  7 ball pythons
  8 endoplasms
  3 giant cockroaches
  2 goblins
  3 hobgoblins
  5 jackals
  A quokka (D:2)
  5 bats
  6 frilled lizards
  8 kobolds
  6 rats
72 creatures vanquished.

Notes
Turn   | Place    | Note
-------+----------+-------------------------------------------
     0 | D:1      | loralnil the Draconian Transmuter began the quest for the
                  | Orb.
     0 | D:1      | Reached XP level 1. HP: 16/16 MP: 3/3
   165 | D:1      | Reached XP level 2. HP: 23/23 MP: 3/5
   344 | D:1      | Learned a level 2 spell: Wereblood
   818 | D:1      | Reached XP level 3. HP: 29/29 MP: 4/6
   981 | D:2      | Found a faded altar of an unknown god.
  1287 | D:2      | Reached XP level 4. HP: 17/36 MP: 7/7
  1458 | D:2      | Learned a level 3 spell: Spider Form
  2346 | D:3      | Reached XP level 5. HP: 42/42 MP: 7/9
  2819 | D:3      | You fall into a shaft and drop 2 floors!
  2819 | D:5      | Entered Level 5 of the Dungeon
  2936 | D:4      | Found a sacrificial altar of Ru.
  2947 | D:4      | Noticed a yak
  2948 | D:4      | Noticed a yak
  2949 | D:4      | Noticed a yak
  2949 | D:4      | Noticed a yak
  2953 | D:4      | Noticed a yak
  2972 | D:4      | Killed a yak
  2973 | D:4      | Reached skill level 4 in Unarmed Combat
  2973 | D:4      | Reached XP level 6. HP: 40/51 MP: 3/10
  2982 | D:4      | Killed a yak
  2990 | D:4      | HP: 2/51 [acid (10)]
  2995 | D:3      | HP: 2/51 [acid (1)]
  2995 | D:3      | Slain by a jelly

Illustrated notes

Levels and vault maps discovered:
D:1:      roderic_octagonal_star, layout_basic, minmay_3d_cube
D:2:      layout_loops_cross, hellmonk_ecumenical_altar_run_dry
D:3:      minmay_inner_zag, layout_basic, lemuel_flame_loot_1
D:4:      layout_basic, nicolae_overflow_crystal_walls,
          mainiacjoe_overflow_catwalk_spiral, st_stairs_9
D:5:      layout_loops_ring

Skill      XL: |  1  2  3  4  5 |
---------------+----------------+-----
Dodging        | 2 3 |  3.3
Fighting       | 2 3 |  3.6
Transmutations | 3 |  3.6
Unarmed Combat | 4 |  4.3
Spellcasting   | 3 |  3.4

Action                   |  1- 3 |  4- 6 || total
-------------------------+-------+-------++-------
Melee: Unarmed           |   109 |   114 ||   223
       Kick              |    13 |    22 ||    35
       Headbutt          |     9 |    10 ||    19
       Tailslap          |     9 |    10 ||    19
       Punch             |     1 |     2 ||     3
 Cast: Beastly Appendage |    23 |    26 ||    49
       Spider Form       |       |     1 ||     1
  Use: Scroll            |     4 |       ||     4
 Stab: Sleeping          |     2 |       ||     2
Armor: Skin              |    36 |    38 ||    74
Dodge: Dodged            |    75 |    73 ||   148

Table legend: (Time is in decaauts)
 A = Elapsed time spent in this place.
 B = Non-inter-level travel time spent in this place.
 C = Inter-level travel time spent in this place.
 D = Time resting spent in this place.
 E = Time spent auto-exploring this place.
 F = Levels seen in this place.
 G = Mean time per level.
                   A        B        C        D        E       F      G
               +--------+--------+--------+--------+--------+-----+--------+
         Total |   2984 |   2948 |     36 |    155 |   2212 |   5 |  596.8 |
       Dungeon |   2984 |   2948 |     36 |    155 |   2212 |   5 |  596.8 |
               +--------+--------+--------+--------+--------+-----+--------+

Top non-repeatable levels by time:
     D:1: 1090 daAuts
     D:2: 867 daAuts
     D:3: 853 daAuts
     D:4: 101 daAuts
     D:5: 70 daAuts
